Map: [ESL] Tropical Sacrifice

Players

ShaDow

  • Race: Zerg Zerg
  • Spawn Location: 1:00

Zain - Winner!

  • Race: Protoss Protoss
  • Spawn Location: 7:00

Event: DreamHack SC2 Masters 2022 Valencia

VOD

Have the link to the VOD?

Description

Time

  • Played on: July 1, 2022, 6 a.m.
  • Length: 9:23

All games in this series

Show
View Real Time Build Order
Export as new Build Order

ShaDow Zerg 

Build Orders: Hatch First 

Get SALT Encoding   

  12  0:00  Drone  
  13  0:13  Overlord  
  13  0:18  Drone  
  14  0:31  Drone x2  
  16  0:50  Hatchery  
  16  0:53  Drone  
  16  0:57  Drone  
  16  1:00  Drone  
  18  1:11  Extractor  
  18  1:17  Spawning Pool  
  16  1:21  Drone  
  16  1:24  Drone  
  18  1:29  Drone  
  19  1:44  Drone  
  20  1:54  Overlord  
  20  2:04  Queen x2  
  20  2:05  Zergling x2  
  20  2:06  Zergling x2  
  26  2:12  Drone  
  26  2:13  Drone  
  28  2:24  Metabolic Boost  
  28  2:39  Hatchery  
  28  2:43  Drone  
  28  2:44  Drone  
  28  2:50  Drone x2  
  30  2:53  Drone  
  30  2:56  Drone  
  32  3:08  Overlord  
  32  3:09  Drone x2  
  32  3:10  Drone  
  35  3:20  Overlord  
  31  3:36  Drone x2, Extractor  
  31  3:37  Roach Warren, Drone  
  31  3:39  Drone x2  
  33  3:53  Drone x4  
  33  3:55  Drone  
  38  4:09  Drone  
  36  4:10  Drone x4  
  36  4:13  Drone x2  
  36  4:16  Drone  
  42  4:23  Queen  
  44  4:31  Overlord x2  
  44  4:34  Overlord  
  44  4:37  Roach  
  37  4:53  Roach  
  37  4:54  Roach x2  
  37  4:56  Roach  
  45  5:00  Roach  
  45  5:02  Roach  
  45  5:05  Roach  
  51  5:09  Roach  
  51  5:11  Roach  
  51  5:13  Roach  
  57  5:19  Roach x2  
  61  5:24  Spore Crawler  
  61  5:25  Roach  
  61  5:28  Roach  
  64  5:34  Roach x2  
  65  5:36  Zergling x2  
  65  5:38  Zergling x2  
  65  5:40  Zergling x2  
  69  5:42  Zergling x2  
  69  5:45  Zergling x2  
  69  5:47  Zergling x2  
  71  5:55  Zergling x2  
  71  5:56  Zergling x4  
  72  6:01  Zergling x6  
  71  6:07  Zergling x2  
  71  6:08  Zergling x6  
  71  6:13  Zergling x4  
  63  6:24  Zergling x8  
  47  6:33  Drone x2  
  47  6:34  Drone x3  
  47  6:35  Drone  
  47  6:36  Drone  
  49  6:41  Drone  
  49  6:43  Drone  
  49  6:44  Drone  
  49  6:45  Drone  
  47  6:49  Drone x2  
  47  6:52  Drone x2  
  51  6:56  Spore Crawler  
  50  7:05  Spore Crawler  
  49  7:11  Zergling x4  
  49  7:12  Zergling x10  
  56  7:18  Zergling x2  
  56  7:19  Zergling x6  
  58  7:24  Zergling x2  
  58  7:25  Zergling x8  
  60  7:32  Zergling x4  
  60  7:33  Zergling x2  
  58  7:37  Zergling x2  
  58  7:39  Queen  
  58  7:42  Zergling x8  
  56  7:48  Queen  
  56  7:49  Spore Crawler  
  56  7:50  Zergling x2  
  58  7:58  Queen  
  58  8:03  Drone  
  58  8:04  Drone x4  
  64  8:06  Extractor  
  64  8:09  Extractor  
  64  8:10  Drone  
  62  8:13  Drone x4  
  62  8:15  Drone  
  66  8:21  Drone x2  
  66  8:24  Queen  
  69  8:38  Zergling x2  
  69  8:39  Zergling x4  
  72  8:48  Zergling x2  
  73  8:51  Zergling x2  
  73  8:52  Zergling x2  
  75  9:02  Zergling x4  
Show
View Real Time Build Order
Export as new Build Order

Zain Protoss - Winner!

Build Orders: 1 Gate Expand, Oracle Opening 

Get SALT Encoding   

  12  0:00  Probe  
  13  0:12  Probe  
  14  0:20  Pylon  
  14  0:24  Probe  
  15  0:38  Probe (Chrono Boost)  
  15  0:41  Gateway  
  16  0:46  Probe (Chrono Boost)  
  16  0:47  Assimilator  
  17  0:52  Probe  
  18  0:57  Assimilator  
  18  1:04  Probe  
  19  1:17  Probe  
  20  1:26  Nexus  
  20  1:36  Cybernetics Core  
  20  1:39  Probe  
  21  1:46  Assimilator  
  21  1:51  Probe  
  22  1:54  Pylon  
  22  2:03  Probe  
  23  2:10  Adept (Chrono Boost)  
  25  2:15  Probe  
  26  2:23  Stargate  
  26  2:28  Probe (Chrono Boost)  
  27  2:30  Adept (Chrono Boost)  
  29  2:39  Warp Gate, Probe (Chrono Boost)  
  31  2:45  Probe (Chrono Boost)  
  31  2:48  Probe (Chrono Boost)  
  32  2:52  Probe (Chrono Boost)  
  32  2:53  Probe (Chrono Boost)  
  32  2:56  Stalker  
  36  3:03  Pylon  
  36  3:04  Probe  
  36  3:05  Probe  
  38  3:11  Oracle (Chrono Boost)  
  38  3:16  Probe  
  38  3:17  Probe  
  43  3:28  Probe  
  43  3:34  Probe  
  43  3:40  Oracle (Chrono Boost), Probe  
  43  3:41  Gateway  
  44  3:46  Probe  
  48  3:53  Nexus  
  48  3:56  Pylon  
  48  3:58  Probe  
  48  4:00  Probe  
  50  4:11  Probe  
  50  4:12  Oracle  
  50  4:15  Probe  
  55  4:17  Assimilator  
  55  4:19  Assimilator  
  55  4:21  Forge  
  55  4:23  Probe  
  56  4:27  Probe  
  56  4:31  Twilight Council  
  57  4:35  Probe  
  58  4:39  Probe  
  59  4:47  Probe  
  60  4:54  Probe  
  60  4:59  Protoss Ground Weapons Level 1 (Chrono Boost), Probe  
  62  5:00  Shield Battery  
  62  5:03  Pylon  
  62  5:06  Probe, Blink (Chrono Boost), Gateway  
  63  5:09  Probe  
  63  5:11  Probe  
  63  5:12  Stalker  
  67  5:14  Pylon  
  67  5:18  Stalker, Probe  
  70  5:22  Probe, Gateway  
  70  5:23  Probe  
  72  5:30  Probe  
  72  5:34  Probe  
  74  5:35  Probe  
  74  5:39  Stalker, Void Ray (Chrono Boost)  
  81  5:43  Shield Battery  
  81  5:46  Photon Cannon  
  81  5:52  Stalker  
  81  6:05  Stalker x2  
  81  6:06  Probe  
  81  6:10  Photon Cannon  
  81  6:11  Shield Battery  
  86  6:14  Probe  
  86  6:17  Pylon  
  86  6:23  Stalker  
  82  6:27  Pylon  
  82  6:31  Pylon  
  82  6:39  Stalker, Probe  
  85  6:40  Probe  
  85  6:41  Gateway  
  85  6:44  Probe  
  85  6:47  Protoss Ground Weapons Level 2 (Chrono Boost)  
  85  6:49  Stalker x2, Gateway x2  
  85  6:51  Probe  
  85  6:52  Probe  
  85  6:54  Pylon  
  91  6:57  Probe  
  91  6:58  Nexus  
  91  7:00  Pylon  
  92  7:02  Charge (Chrono Boost)  
  92  7:10  Probe x2  
  92  7:11  Gateway  
  92  7:14  Pylon, Probe  
  95  7:22  Probe  
  90  7:40  Stalker x5  
  90  7:42  Probe x2  
  100  7:49  Probe  
  101  7:53  Gateway  
  101  7:54  Probe  
  101  7:55  Stalker x2  
  101  7:56  Gateway  
  101  7:57  Gateway  
  104  8:03  Probe  
  101  8:08  Stalker, Zealot x3  
  101  8:09  Zealot x2  
  113  8:23  Stalker x2  
  113  8:25  Photon Cannon  
  113  8:26  Probe, Shield Battery  
  118  8:28  Pylon  
  118  8:35  Probe  
  118  8:39  Stalker x6  
  131  8:44  Nexus  
  131  8:45  Probe  
  131  8:47  Pylon, Probe x2  
  134  8:51  Robotics Facility  
  134  8:56  Zealot x2  
  134  8:57  Probe  
  133  9:15  Zealot x6  
  141  9:18  Zealot x5  

Tags
 
Add a new tag
Caveats
  • Supply blocks, unpowered buildings, or Contaminate may cause inaccurate times.
  • Supply counts are checked every 10 seconds.